 Dungeon Crawl Stone Soup version 0.20.1-1-g8b1a95d (webtiles) character file.

75342 Irenicus the Black Belt (level 15, 0/207 HPs)
             Began as a Deep Dwarf Monk on Oct 14, 2017.
             Was the Champion of Makhleb.
             Slain by an orc knight
             ... wielding a +1 battleaxe
              (32 damage)
             ... on level 2 of the Orcish Mines.
             The game lasted 01:23:51 (19322 turns).

Irenicus the Black Belt (Deep Dwarf Monk)          Turns: 19322, Time: 01:23:51

Health: 0/207      AC: 42    Str: 21    XL:     15   Next: 9%
Magic:  14/14      EV: 12    Int: 13    God:    Makhleb [******]
Gold:   1776       SH:  0    Dex: 22    Spells: 2/14 levels left

rFire    . . .     SeeInvis .     - Unarmed
rCold    + . .     Gourm    .   (no shield)
rNeg     + . .     Faith    .   A - +15 Maxwell's patent armour {-Cast -Tele rElec MR+ rCorr}
rPois    +         Spirit   .   v - +2 hat {MR+}
rElec    +         Reflect  .   S - +2 cloak
rCorr    +         Harm     .   H - +2 pair of gloves
MR       ++++.     NoTele   +   c - +0 pair of boots Stlth ..........NoCast +
                                (no amulet)
Regen    0.0/turn               n - ring of protection from cold
MPRegen  0.2/turn               k - +2 ring of strength

@: berserking (expiring), non-regenerating, very quick
A: damage resistance, heal wounds, horns 2, talons 1, iridescent scales 1,
molten scales 1, agile 1, negative energy resistance 1, sense surroundings 2,
poison resistance, no regeneration
a: Heal Wounds, Minor Destruction, Lesser Servant of Makhleb, Major Destruction,
Greater Servant of Makhleb, Renounce Religion


You were on level 2 of the Orcish Mines.
You worshipped Makhleb.
Makhleb was exalted by your worship.
You were not hungry.

You visited 4 branches of the dungeon, and saw 24 of its levels.
You also visited: Sewer and Ice Cave.

You collected 1957 gold pieces.
You spent 181 gold pieces at shops.

Inventory:

Armour
 c - a +0 pair of boots (worn)
 v - a +2 hat of magic resistance (worn)
 A - the +15 Maxwell's patent armour (worn) {-Cast -Tele rElec MR+ rCorr}
   (You found it on level 6 of the Dungeon)

   It insulates you from electricity.
   It affects your resistance to hostile enchantments.
   It prevents spellcasting.
   It prevents most forms of teleportation.
   It protects you from acid and corrosion.
 H - a +2 pair of gloves (worn)
 S - a +2 cloak (worn)
Jewellery
 k - a +2 ring of strength (right hand)
 m - an uncursed ring of positive energy
 n - a ring of protection from cold (left hand)
 x - an uncursed ring of wizardry
 L - an uncursed ring of fire
 O - an uncursed ring of see invisible
 R - an uncursed ring of poison resistance
 T - an uncursed ring of ice
Wands
 o - a wand of iceblast (4/15)
 u - a wand of disintegration (9/24)
 y - a wand of paralysis (3/24)
 F - a wand of iceblast (6/15)
 K - a wand of iceblast (7/15)
 M - a wand of lightning (8/15)
 N - a wand of lightning (4/15)
 Q - a wand of lightning (8/15)
 X - a wand of acid (7/15)
 Y - a wand of digging (1/24)
Scrolls
 d - 10 scrolls of teleportation
 g - 8 scrolls of remove curse
 h - 5 scrolls of recharging
 r - 21 scrolls of identify
 D - a scroll of silence
 I - 2 scrolls of fog
 P - 4 scrolls of enchant armour
 V - 3 scrolls of magic mapping
Potions
 f - a potion of mutation
 i - 2 potions of haste
 j - a potion of resistance
 l - 3 potions of might
 p - 10 potions of curing
 q - 4 potions of lignification
 s - 2 potions of cancellation
 C - a potion of flight
 E - a potion of magic
 G - a potion of brilliance
 J - 4 potions of heal wounds
Miscellaneous
 B - a sack of spiders
 U - a lamp of fire
 W - a fan of gales
Comestibles
 b - 14 bread rations
 e - 8 fruits
 t - a meat ration
 w - 14 royal jellies


   Skills:
 - Level 10.1 Fighting
 - Level 7.1 Armour
 - Level 8.0 Dodging
 - Level 2.4 Stealth
   Level 2.0 Shields
 + Level 19.8 Unarmed Combat
 - Level 1.0 Evocations


You had 2 spell levels left.
You knew the following spells:

 Your Spells              Type           Power        Failure   Level  Hunger
a - Confusing Touch       Hex            #.....       99%         1    ##.....
b - Song of Slaying       Chrm           #.......     100%        2    ###....
c - Shroud of Golubria    Chrm/Tloc      #.........   100%        2    ###....
d - Passwall              Tmut/Erth      #.........   100%        2    ###....
e - Blade Hands           Tmut           #.........   100%        5    ######.


Dungeon Overview and Level Annotations

Branches:
Dungeon (15/15)            Temple (1/1) D:7            Lair (6/6) D:9
 Shoals (0/4) Lair:2        Snake (0/4) Lair:3        Slime (0/5) Lair:5
    Orc (2/2) D:11            Elf (0/3) Orc:2        Vaults (0/5) D:14
 Depths: D:15

Altars:
Ashenzari
Cheibriados
Dithmenos
Elyvilon
Fedhas
Gozag
Hepliaklqana
Kikubaaqudgha
Makhleb
Nemelex Xobeh
Okawaru
Qazlal
Ru
Sif Muna
Trog
Uskayaw
Vehumet
Yredelemnul
Zin
The Shining One
Lugonu

Shops:
D:8 [   D:11 [   D:12 }


Innate Abilities, Weirdness & Mutations

You are resistant to damage.
You can heal yourself by infusing magical energy.
You resist negative energy. (rN+)
You passively map the area around you.
You do not regenerate.
You have a pair of horns on your head.
You have sharp toenails.
You are partially covered in iridescent scales. (AC +2)
You are partially covered in molten scales. (AC +2)
You are agile. (Dex +2)
Your system is resistant to poisons. (rPois)


Message History

The orc knight is lightly wounded.
You hit the orc knight.
The orc knight is lightly wounded.
You punch the orc knight!
You headbutt the orc knight, but do no damage.
The orc knight is moderately wounded.
You punch the orc knight!
The orc knight is heavily wounded.
The orc knight barely misses you. The orc hits you but does no damage.
You hit the orc knight. Your headbutt misses the orc knight.
The orc knight is heavily wounded.
You punch the orc!
You kill the orc!
Makhleb accepts your kill.
You feel better.
The orc warrior throws a tomahawk.
The tomahawk hits you but does no damage.
The orc warrior barely misses you.
You closely miss the orc warrior. Your headbutt misses the orc warrior.
The orc knight hits you with an enchanted battleaxe!!!
You die...

, ....##..........###.........
..............))........#... , ,
............)..........####. *
*...........#...........## ## *
.......o..###...........#
........))####)(........#* .
..##.........)))....)............
.........#...)÷ooo..÷)...........
........ #.....)@÷..o.#..........
....... #.....)o)...####..>... .
......# *###.........# ..... .
......## #.........# #$... ,
.......### ##......### #. ,
#....))..###......## *
##..#)....###.....#
##*#...[..##.....##
.####.##)#.....###


You could see an orc knight, 4 orc warriors and an orc.

Vanquished Creatures
  Gastronok (D:12)
  The ghost of Feta the Impaler, an adept MfGl of Lugonu (IceCv)
  An orc warlord (Orc:2)
  Nessos (D:12)
  An ettin (D:12)
  2 fire dragons
  A vault guard (D:14)
  The ghost of VirginKiller the Nimble, a journeyman DgTm (IceCv)
  The ghost of hilaritas the Ripper, a journeyman FeBe of Trog (D:15)
  6 hydras
  A catoblepas (Lair:4)
  A death yak (Lair:4)
  3 centaur warriors
  7 two-headed ogres
  A deep troll earth mage (D:12)
  2 orc high priests (Orc:2)
  The ghost of Fairytaker the Cleaver, a novice HOFi of Makhleb (D:6)
  Sonja (Lair:1)
  A fire crab (Lair:6)
  An unseen horror (shapeshifter) (D:15)
  2 orc knights (Orc:2)
  A flayed ghost (D:12)
  A phantasmal warrior (D:12)
  A necromancer (IceCv)
  A deep elf mage (D:14)
  2 orc sorcerers (Orc:2)
  An oklob plant (Lair:4)
  2 ugly things
  3 cyclopes
  A manticore (D:15)
  7 black mambas
  3 elephants (Lair:4)
  2 centaur zombies (D:14)
  An ice statue (IceCv)
  3 molten gargoyles (Lair:6)
  3 gargoyles
  10 freezing wraiths (IceCv)
  3 spiny frogs
  A rime drake (Lair:6)
  7 komodo dragons
  A jumping spider (shapeshifter) (D:12)
  4 trolls
  A queen bee (D:8)
  A wolf spider simulacrum (IceCv)
  A polar bear (Lair:2)
  9 blink frogs
  10 hippogriffs
  A shadow (D:11)
  A vampire (D:14)
  7 wyverns
  48 yaks
  5 basilisks
  4 steam dragons
  3 vampire mosquitoes (D:13)
  A hungry ghost (D:14)
  Menkaure (D:6)
  A warg (Orc:2)
  A soldier ant (D:12)
  19 water moccasins
  5 hell hounds (Lair:6)
  Duvessa (D:7)
  6 porcupines
  5 black bears
  14 orc warriors
  A sky beast (D:6)
  12 ice beasts
  An eye of draining (D:10)
  4 phantoms
  10 ogres
  A necrophage (D:9)
  9 wolves
  11 centaurs
  12 crocodiles
  24 bullfrogs
  7 big kobolds
  A wyvern zombie (D:7)
  Dowan (D:7)
  2 wyvern skeletons
  A scorpion (D:11)
  25 killer bees
  16 wights
  3 howler monkeys (D:14)
  3 electric eels
  9 crimson imps
  A bullfrog zombie (D:12)
  3 jellies
  3 lava snakes (Lair:6)
  4 quasits
  3 draconian simulacra (IceCv)
  3 centaur skeletons
  20 orc wizards
  14 orc priests
  10 hounds
  2 bullfrog skeletons
  2 iguanas
  11 worker ants
  5 spriggan simulacra (IceCv)
  5 troll simulacra (IceCv)
  A polar bear simulacrum (IceCv)
  2 wolf simulacra (IceCv)
  2 centaur simulacra (IceCv)
  3 hound skeletons
  A worker ant zombie (D:11)
  21 adders
  4 naga simulacra (IceCv)
  An ogre simulacrum (IceCv)
  A river rat (Sewer)
  2 shadow imps
  12 white imps (IceCv)
  8 oozes
  2 adder skeletons
  2 worms
  3 dart slugs
  11 leopard geckos
  58 orcs
  6 giant cockroaches
  2 goblins (D:1)
  5 hobgoblins
  8 jackals
  8 quokkas
  A ball python (Sewer)
  10 bats
  7 frilled lizards
  38 kobolds
  17 rats
715 creatures vanquished.

Vanquished Creatures (collateral kills)
  A hippogriff (D:12)
  A centaur zombie (D:12)
  A hound (D:12)
3 creatures vanquished.

Vanquished Creatures (others)
  2 orcs (Orc:2)
  9 fungi (Lair:6)
  12 plants (Lair:6)
  5 withered plants (D:15)
28 creatures vanquished.

Grand Total: 746 creatures vanquished

Notes
Turn   | Place    | Note
-------+----------+-------------------------------------------
     0 | D:1      | Irenicus the Deep Dwarf Monk began the quest for the Orb.
     0 | D:1      | Reached XP level 1. HP: 20/20 MP: 1/1
    78 | D:1      | Reached skill level 3 in Unarmed Combat
   229 | D:1      | Reached XP level 2. HP: 25/27 MP: 2/2
   749 | D:2      | Reached XP level 3. HP: 22/33 MP: 3/3
   783 | D:2      | Reached skill level 4 in Unarmed Combat
  1122 | D:2      | Reached XP level 4. HP: 20/40 MP: 4/4
  1457 | D:3      | Found a glowing drain.
  1486 | Sewer    | Entered a sewer
  1502 | Sewer    | Noticed a big kobold
  1531 | Sewer    | Killed a big kobold
  1531 | Sewer    | Reached skill level 5 in Unarmed Combat
  1531 | Sewer    | Reached XP level 5. HP: 32/46 MP: 5/5
  1957 | Sewer    | Reached skill level 6 in Unarmed Combat
  1973 | Sewer    | Reached XP level 6. HP: 24/55 MP: 6/6
  2482 | D:3      | Found a shattered altar of Ashenzari.
  2787 | D:3      | Reached XP level 7. HP: 39/66 MP: 7/7
  3375 | D:4      | Found a glowing golden altar of the Shining One.
  3448 | D:5      | Entered Level 5 of the Dungeon
  3541 | D:5      | Reached skill level 5 in Fighting
  3541 | D:5      | Reached skill level 1 in Shields
  3793 | D:5      | Reached skill level 7 in Unarmed Combat
  3917 | D:5      | Reached XP level 8. HP: 20/74 MP: 8/8
  4098 | D:5      | Found a blossoming altar of Fedhas.
  4099 | D:5      | Found a radiant altar of Vehumet.
  4148 | D:6      | Found a stormy altar of Qazlal.
  4218 | D:6      | Reached skill level 8 in Unarmed Combat
  4421 | D:6      | Noticed Fairytaker's ghost (novice HOFi)
  4569 | D:7      | Noticed a hippogriff
  4585 | D:7      | Killed a hippogriff
  4585 | D:7      | Reached skill level 9 in Unarmed Combat
  4733 | D:7      | Found a bloodstained altar of Trog.
  4734 | D:7      | Found a shadowy altar of Dithmenos.
  4734 | D:7      | Found a sparkling altar of Nemelex Xobeh.
  4782 | D:7      | Found a staircase to the Ecumenical Temple.
  4838 | Temple   | Entered the Ecumenical Temple
  4853 | Temple   | Became a worshipper of Makhleb the Destroyer
  4853 | Temple   | Reached * piety under Makhleb
  4853 | Temple   | Reached ** piety under Makhleb
  5047 | D:6      | Found an ancient bone altar of Kikubaaqudgha.
  5146 | D:6      | Found a bloodstained altar of Trog.
  5215 | D:6      | Killed Fairytaker's ghost
  5215 | D:6      | Reached skill level 1 in Armour
  5215 | D:6      | Reached skill level 10 in Unarmed Combat
  5215 | D:6      | Gained mutation: You passively map the area around you. [Deep Dwarf growth]
  5215 | D:6      | Reached XP level 9. HP: 54/81 MP: 8/8
  5490 | D:7      | Noticed Menkaure
  6162 | D:6      | Killed Menkaure
  6162 | D:6      | Reached skill level 1 in Evocations
  6200 | D:6      | Reached skill level 11 in Unarmed Combat
  6515 | D:7      | Found a basalt altar of Yredelemnul.
  6522 | D:7      | Noticed Duvessa
  6523 | D:7      | Noticed Dowan
  6543 | D:7      | Killed Duvessa
  6546 | D:7      | Killed Dowan
  6642 | D:7      | Gained mutation: You have a pair of small horns on your head. [potion of mutation]
  6642 | D:7      | Gained mutation: You can translocate small distances at will. [potion of mutation]
  6642 | D:7      | Gained mutation: You are partially covered in iridescent scales. (AC +2) [potion of mutation]
  6642 | D:7      | Gained mutation: Your mind is acute. (Int +2) [potion of mutation]
  6668 | D:7      | Reached *** piety under Makhleb
  6799 | D:8      | Found a snail-covered altar of Cheibriados.
  6800 | D:8      | Found a glowing silver altar of Zin.
  6986 | D:8      | Found Pyere's Armour Emporium.
  7003 | D:8      | Reached XP level 10. HP: 46/88 MP: 9/9
  7013 | D:8      | Bought a +2 pair of gloves for 181 gold pieces
  7027 | D:8      | Noticed a two-headed ogre
  7054 | D:8      | Killed a two-headed ogre
  7054 | D:8      | Reached skill level 12 in Unarmed Combat
  7108 | D:8      | Reached skill level 5 in Armour
  7223 | D:8      | Noticed a two-headed ogre
  7232 | D:8      | Killed a two-headed ogre
  7234 | D:8      | Found a hide-covered altar of Uskayaw.
  7605 | D:9      | Found an iron altar of Okawaru.
  7667 | D:9      | Reached skill level 13 in Unarmed Combat
  8089 | D:9      | Found a staircase to the Lair.
  8197 | D:9      | Got a dazzling quarterstaff
  8199 | D:9      | Identified the +2 quarterstaff "Demonbane" {drain, MR+} (You found it on level 9 of the Dungeon)
  8289 | D:10     | Entered Level 10 of the Dungeon
  8292 | D:10     | Noticed a two-headed ogre
  8304 | D:10     | Killed a two-headed ogre
  8341 | D:10     | Reached XP level 11. HP: 38/94 MP: 10/10
  8376 | D:10     | Reached **** piety under Makhleb
  8392 | D:10     | Noticed a two-headed ogre
  8404 | D:10     | Killed a two-headed ogre
  8520 | D:10     | Reached skill level 14 in Unarmed Combat
  8776 | D:10     | Reached ***** piety under Makhleb
  9477 | D:11     | Found Wured's Antique Armour Shop.
  9503 | D:11     | Found a staircase to the Orcish Mines.
  9528 | D:11     | Reached skill level 15 in Unarmed Combat
  9732 | D:11     | Noticed a purple ugly thing
  9753 | D:11     | Killed a purple ugly thing
  9756 | D:11     | Gained mutation: You are partially covered in molten scales. (AC +2) [mutagenic meat]
  9757 | D:11     | Gained mutation: You expend magic power (3 MP) to strengthen your wands. [mutagenic meat]
  9912 | D:11     | Found a deep blue altar of Sif Muna.
  9956 | D:12     | Noticed Nessos
  9972 | D:12     | Noticed an eight-headed hydra
  9982 | D:12     | Killed an eight-headed hydra
  9982 | D:12     | Reached XP level 12. HP: 94/103 MP: 11/11
 10003 | D:12     | Noticed a two-headed ogre
 10013 | D:12     | Killed a two-headed ogre
 10065 | D:12     | Killed Nessos
 10065 | D:12     | Reached skill level 16 in Unarmed Combat
 10077 | D:12     | Noticed a centaur warrior
 10089 | D:12     | Noticed Gastronok
 10102 | D:12     | Killed a centaur warrior
 10148 | D:12     | Killed Gastronok
 10387 | D:12     | Noticed an ettin
 10397 | D:12     | Found a runed door.
 10397 | D:12     | Noticed a deep troll earth mage
 10421 | D:12     | Reached skill level 17 in Unarmed Combat
 10424 | D:12     | Gained mutation: You are robust. (+10% HP) [mutagenic meat]
 10440 | D:12     | Killed an ettin
 10464 | D:12     | Killed a deep troll earth mage
 10593 | D:12     | Noticed a two-headed ogre
 10595 | D:12     | Found Gotapraje's Gadget Emporium.
 10602 | D:12     | Killed a two-headed ogre
 10858 | D:13     | Noticed a centaur warrior
 10888 | D:13     | Killed a centaur warrior
 10928 | D:13     | Noticed a two-headed ogre
 10931 | D:13     | Killed a two-headed ogre
 10931 | D:13     | Reached ****** piety under Makhleb
 10931 | D:13     | Reached XP level 13. HP: 121/121 MP: 12/12
 12002 | D:14     | Found a gate to the Vaults.
 12189 | D:15     | Entered Level 15 of the Dungeon
 12411 | D:15     | Gained mutation: You have a pair of horns on your head. [mutagenic meat]
 12412 | D:15     | Lost mutation: Your mind is acute. (Int +2) [mutagenic meat]
 12449 | D:15     | Noticed a fire dragon
 12454 | D:15     | Noticed hilaritas's ghost (journeyman FeBe)
 12473 | D:15     | Killed a fire dragon
 12515 | D:15     | Killed hilaritas's ghost
 12853 | Lair:1   | Entered Level 1 of the Lair of Beasts
 13166 | Lair:1   | Noticed Sonja
 13178 | Lair:1   | Killed Sonja
 13226 | Lair:1   | Reached skill level 10 in Fighting
 13657 | Lair:2   | Found a staircase to the Shoals.
 13712 | Lair:2   | Found a frozen archway.
 13722 | IceCv    | Entered an ice cave
 13723 | IceCv    | Lost mutation: You expend magic power (3 MP) to strengthen your wands. [potion of mutation]
 13723 | IceCv    | Lost mutation: You are robust. (+10% HP) [potion of mutation]
 13723 | IceCv    | Gained mutation: You have sharp toenails. [potion of mutation]
 13723 | IceCv    | Gained mutation: Your system is resistant to poisons. (rPois) [potion of mutation]
 13723 | IceCv    | Lost mutation: You can translocate small distances at will. [potion of mutation]
 13723 | IceCv    | Gained mutation: You are agile. (Dex +2) [potion of mutation]
 13798 | IceCv    | Noticed VirginKiller's ghost (journeyman DgTm)
 13814 | IceCv    | Reached skill level 18 in Unarmed Combat
 13894 | IceCv    | Killed VirginKiller's ghost
 13916 | IceCv    | Noticed Feta's ghost (adept MfGl)
 13984 | IceCv    | Killed Feta's ghost
 13984 | IceCv    | Gained mutation: You resist negative energy. (rN+) [Deep Dwarf growth]
 13984 | IceCv    | Reached XP level 14. HP: 82/132 MP: 13/13
 14015 | IceCv    | Found an ancient bone altar of Kikubaaqudgha.
 14028 | IceCv    | Got a faintly glowing mace
 14255 | IceCv    | Identified the +6 mace "Demonslayer" {vamp, Dex+6} (You found it in an ice cave)
 14581 | Lair:2   | Reached skill level 5 in Dodging
 15009 | Lair:3   | Found a staircase to the Snake Pit.
 16748 | Lair:5   | Found a staircase to the Slime Pits.
 17345 | Lair:5   | Learned a level 1 spell: Confusing Touch
 17349 | Lair:5   | Learned a level 2 spell: Song of Slaying
 17352 | Lair:5   | Learned a level 2 spell: Shroud of Golubria
 17355 | Lair:5   | Learned a level 2 spell: Passwall
 17361 | Lair:5   | Learned a level 5 spell: Blade Hands
 17390 | Lair:6   | Entered Level 6 of the Lair of Beasts
 17863 | Lair:6   | Reached skill level 19 in Unarmed Combat
 18146 | Lair:6   | Found a large runed door.
 18146 | Lair:6   | Found a large runed door.
 18838 | Orc:1    | Entered Level 1 of the Orcish Mines
 18964 | Orc:2    | Entered Level 2 of the Orcish Mines
 19011 | Orc:2    | Found a staircase to the Elven Halls.
 19225 | Orc:2    | Noticed an orc warlord
 19261 | Orc:2    | Reached XP level 15. HP: 116/138 MP: 14/14
 19310 | Orc:2    | Killed an orc warlord
 19322 | Orc:2    | Slain by an orc knight

Skill      XL: |  1  2  3  4  5  6  7  8  9 10 11 12 13 14 |
---------------+-------------------------------------------+-----
Unarmed Combat | 3 4 5 6 7 10 11 13 15 17 18 19 | 19.8
Fighting       | 4 5 10 | 10.1
Shields        | 1 2 |  2.0
Armour         | 1 4 6 7 |  7.1
Evocations     | 1 |  1.0
Dodging        | 8 |  8.0
Stealth        | |  2.4

Action                   |  1- 3 |  4- 6 |  7- 9 | 10-12 | 13-15 || total
-------------------------+-------+-------+-------+-------+-------++-------
Melee: Unarmed           |   120 |   300 |   587 |   905 |  1361 ||  3273
       Punch             |       |     5 |    21 |    49 |    72 ||   147
       Headbutt          |       |       |    17 |   222 |   328 ||   567
Throw: Tomahawk          |       |     2 |       |       |       ||     2
 Abil: Heal Wounds       |       |       |    10 |     1 |     4 ||    15
Evoke: Wand              |       |       |     5 |    11 |     3 ||    19
       Sack of spiders   |       |       |       |       |     1 ||     1
  Use: Potion            |       |     5 |     5 |     8 |     7 ||    25
       Scroll            |       |       |     9 |     4 |    10 ||    23
 Stab: Sleeping          |     6 |     4 |     3 |       |       ||    13
       Distracted        |       |       |       |       |     1 ||     1
       Petrified         |       |       |       |       |    10 ||    10
  Eat: Chunk             |     1 |     6 |    14 |    16 |    18 ||    55
       Fruit             |       |       |       |       |     8 ||     8
       Meat ration       |       |       |       |       |     2 ||     2
Armor: Robe              |    34 |    48 |    38 |       |       ||   120
       Skin              |       |     9 |    12 |    30 |       ||    51
       Plate armour      |       |       |   298 |   887 |  1104 ||  2289
Dodge: Dodged            |    67 |   156 |   207 |   290 |   511 ||  1231
Block: Buckler           |       |       |    13 |       |       ||    13
